 Dungeon Sprint DCSS version 0.21-a0-274-gc1afaeb (webtiles) character file.

2818 potatolord6000 the Cleaver (level 9, -3/93 HPs)
             Began as a Hill Orc Monk on Sept 18, 2017.
             Was the Champion of Beogh.
             Slain by a sun demon (10 damage)
             ... summoned by a kobold demonologist
             ... in the Dungeon (Sprint VII: "The Pits").
             The game lasted 00:03:32 (774 turns).

potatolord6000 the Cleaver (Hill Orc Monk)           Turns: 774, Time: 00:03:32

Health: -3/93      AC: 20    Str: 20    XL:     9   Next: 72%
Magic:  19/19      EV:  9    Int: 10    God:    Beogh [******]
Gold:   0          SH:  0    Dex: 13    Spells: 8/8 levels left

rFire    . . .     SeeInvis .   r - +2 war axe (freeze)
rCold    . . .     Gourm    .   (no shield)
rNeg     . . .     Faith    .   t - +4 chain mail
rPois    .         Spirit   .   (no helmet)
rElec    .         Reflect  .   (no cloak)
rCorr    .         Harm     .   f - +0 pair of gloves
MR       .....     NoTele   +   (no boots)
Stlth    ..........             (no amulet)
HPRegen  0.25/turn              p - +3 ring of strength
MPRegen  0.16/turn              q - +3 ring of protection

@: drained
A: walk on water
a: Smiting, Recall Orcish Followers, Give Item to Named Follower, Resurrection,
Renounce Religion


You were in the Dungeon.
You worshipped Beogh.
Beogh was exalted by your worship.
You were very full.

You visited 1 branch

Inventory:

Hand Weapons
 r - a +2 war axe of freezing (weapon)
Armour
 f - a +0 pair of gloves (worn)
 t - a +4 chain mail (worn)
Jewellery
 p - a +3 ring of strength (left hand)
 q - a +3 ring of protection (right hand)
Wands
 b - a wand of flame (23/48)
Scrolls
 i - a scroll of blinking
 k - 3 scrolls of remove curse
 l - 5 scrolls of amnesia
 m - a scroll of summoning
Potions
 a - 2 potions of invisibility
 d - 7 potions of curing
 e - 6 potions of heal wounds
 g - 2 potions of magic
 h - 2 potions of berserk rage
 j - 2 potions of agility
 s - a potion of brilliance
Comestibles
 c - 8 bread rations
 n - 40 fruits
 o - 5 meat rations


   Skills:
 + Level 13.3(12.9) Fighting
 + Level 14.3(13.9) Axes
 + Level 11.8(11.4) Armour
 - Level 2.4(2.1) Dodging
 - Level 1.5(1.3) Stealth
 + Level 13.7(13.4) Invocations


You had 8 spell levels left.
You didn't know any spells.

Dungeon Overview and Level Annotations

Branches:
Dungeon (1/1)

Altars:
Ashenzari
Cheibriados
Dithmenos
Elyvilon
Fedhas
Gozag
Hepliaklqana
Kikubaaqudgha
Makhleb
Nemelex Xobeh
Okawaru
Qazlal
Ru
Sif Muna
Trog
Uskayaw
Vehumet
Wu Jian
Xom
Yredelemnul
Zin
The Shining One
Beogh
Jiyva
Lugonu


Message History

The white imp is severely wounded.
You hit the sun demon. You freeze the sun demon. You hit the wyvern.
You freeze the wyvern. You closely miss the hell rat.
The sun demon closely misses you.
The shadow imp barely misses your orc warrior.
The wyvern bites you but does no damage.
The hell rat bites you.
* * * LOW HITPOINT WARNING * * *
Your orc warrior closely misses the shadow imp.
You slice the crimson imp!! You freeze the crimson imp.
You kill the crimson imp!
You hit the hell rat. You freeze the hell rat. You closely miss the wyvern.
You closely miss the sun demon.
Your orc priest hits the shadow imp with a hand axe.
The wyvern bites you.
* * * LOW HITPOINT WARNING * * *
The sun demon hits you!
* * * LOW HITPOINT WARNING * * *
You are engulfed in flames!
You die...

###'###.......##''#
.....##.......##..##
)....##.......##...##
#'#####...<...###.o.##+##5
)))[.##.......# ##5†....K.
)))[.##.......###o.###'###
#######.......##5K##....
..#.. ##########.3lt....
..#)############@l#
..#)#....#...[###rK#
#.#(#†...#.![[# ##....
#.#.'....'..))# ..##+
#.#)#....#..))# .##
..).#....#..))# ##
###############


You could see a snapping turtle, a sun demon, a kobold demonologist, a wyvern, a
big kobold, an iguana, a hell rat, a white imp, a shadow imp, a friendly orc
warrior and a friendly orc priest.

Vanquished Creatures
  A deep elf knight (D)
  A deep elf mage (D)
  An orange demon (D)
  A wind drake (D)
  2 steam dragons (D)
  3 vampire mosquitoes (D)
  A hungry ghost (D)
  A necrophage (D)
  An orc warrior (D)
  A black bear (D)
  A centaur (D)
  A jelly (D)
  An orc wizard (D)
  Ijyb (D)
  An iguana (D)
  A river rat (D)
  A white imp (D)
  2 ufetubi (D)
  5 orcs (D)
  3 jackals (D)
  A bat (D)
  2 frilled lizards (D)
  A jackal skeleton (D)
  A quokka zombie (D)
35 creatures vanquished.

Vanquished Creatures (collateral kills)
  An orange demon (D)
  A vampire mosquito (D)
  An orc (D)
  A kobold (D)
4 creatures vanquished.

Vanquished Creatures (others)
  2 orcs (D)
2 creatures vanquished.

Grand Total: 41 creatures vanquished

Notes
Turn   | Place    | Note
-------+----------+-------------------------------------------
     0 | D        | potatolord6000 the Hill Orc Monk began the quest for the Orb.
     0 | D        | Reached XP level 1. HP: 19/19 MP: 1/1
    51 | D        | Found a bloodstained altar of Trog.
    51 | D        | Found a deep blue altar of Sif Muna.
    51 | D        | Found a viscous altar of Jiyva.
    51 | D        | Found a hazy altar of Hepliaklqana.
    51 | D        | Found an opulent altar of Gozag.
    52 | D        | Found a glowing golden altar of the Shining One.
    52 | D        | Found a glowing silver altar of Zin.
    52 | D        | Found a basalt altar of Yredelemnul.
    52 | D        | Found a shimmering altar of Xom.
    52 | D        | Found an ornate altar of the Wu Jian Council.
    52 | D        | Found a sacrificial altar of Ru.
    52 | D        | Found a stormy altar of Qazlal.
    52 | D        | Found an iron altar of Okawaru.
    52 | D        | Found a sparkling altar of Nemelex Xobeh.
    52 | D        | Found a burning altar of Makhleb.
    52 | D        | Found a blossoming altar of Fedhas.
    52 | D        | Found a white marble altar of Elyvilon.
    52 | D        | Found a shadowy altar of Dithmenos.
    52 | D        | Found a snail-covered altar of Cheibriados.
    54 | D        | Found a radiant altar of Vehumet.
    54 | D        | Found a corrupted altar of Lugonu.
    54 | D        | Found a roughly hewn altar of Beogh.
    56 | D        | Found an ancient bone altar of Kikubaaqudgha.
    56 | D        | Found a hide-covered altar of Uskayaw.
    56 | D        | Found a shattered altar of Ashenzari.
    64 | D        | Became a worshipper of Beogh the Brigand
    64 | D        | Reached * piety under Beogh
    64 | D        | Reached ** piety under Beogh
    91 | D        | Reached skill level 1 in Armour
    91 | D        | Reached skill level 1 in Invocations
   103 | D        | Reached *** piety under Beogh
   341 | D        | Reached skill level 5 in Axes
   341 | D        | Reached XP level 2. HP: 23/27 MP: 3/3
   347 | D        | Reached **** piety under Beogh
   353 | D        | Reached skill level 5 in Fighting
   353 | D        | Reached XP level 3. HP: 36/36 MP: 3/5
   368 | D        | Reached ***** piety under Beogh
   439 | D        | Noticed an orc warrior
   440 | D        | Noticed a deep elf mage
   442 | D        | Noticed a hungry ghost
   448 | D        | Noticed a demonic crawler
   448 | D        | Killed a deep elf mage
   448 | D        | Reached skill level 10 in Axes
   448 | D        | Reached XP level 4. HP: 50/50 MP: 5/10
   448 | D        | Reached XP level 5. HP: 57/57 MP: 6/12
   448 | D        | Reached XP level 6. HP: 64/64 MP: 6/13
   448 | D        | Reached XP level 7. HP: 70/70 MP: 6/14
   471 | D        | Killed a hungry ghost
   471 | D        | Reached skill level 10 in Fighting
   471 | D        | Reached skill level 11 in Axes
   471 | D        | Reached skill level 10 in Invocations
   476 | D        | Paralysed by fainting for 7 turns
   504 | D        | Noticed Ijyb
   522 | D        | Killed Ijyb
   526 | D        | Noticed a deep elf knight
   535 | D        | Killed a deep elf knight
   535 | D        | Reached skill level 12 in Axes
   535 | D        | Reached XP level 8. HP: 82/82 MP: 13/16
   550 | D        | Reached ****** piety under Beogh
   550 | D        | Reached skill level 10 in Armour
   604 | D        | Noticed an orange demon
   604 | D        | Noticed an orange demon
   612 | D        | Killed an orange demon
   612 | D        | Reached skill level 13 in Axes
   617 | D        | Reached XP level 9. HP: 38/90 MP: 18/18
   617 | D        | Killed an orange demon
   752 | D        | Noticed a wind drake
   752 | D        | Noticed a kobold demonologist
   756 | D        | Reached skill level 14 in Axes
   766 | D        | Noticed a sun demon
   772 | D        | Killed a wind drake
   774 | D        | Slain by a sun demon

Vault maps used:
D:        pitsprint

Skill      XL: |  1  2  3  4  5  6  7  8  9 |
---------------+----------------------------+-----
Armour         | 1 2 7 9 10 11 | 11.8
Invocations    | 2 3 9 11 12 13 | 13.7
Fighting       | 4 5 9 11 12 13 | 13.3
Axes           | 5 10 12 13 14 | 14.3
Dodging        | |  2.4
Stealth        | |  1.5

Action                   |  1- 3 |  4- 6 |  7- 9 || total
-------------------------+-------+-------+-------++-------
Melee: Hand axe          |    33 |       |    92 ||   125
       War axe           |       |       |    24 ||    24
Invok: Smiting           |     2 |       |     1 ||     3
       Resurrection      |       |       |     1 ||     1
  Use: Potion            |     4 |       |     6 ||    10
 Stab: Sleeping          |     1 |       |       ||     1
  Eat: Meat ration       |       |       |     2 ||     2
Armor: Robe              |     3 |       |       ||     3
       Chain mail        |     5 |       |    89 ||    94
Dodge: Dodged            |    38 |       |    32 ||    70

Table legend:
 A = Spawn XP
 B = Non-spawn XP
 C = Spawn XP percentage of total XP
 D = Spawn monster count
 E = Non-spawn monster count
 F = Spawn count percentage of total count
 G = Total turns spent on level
                    A         B        C        D         E        F      G
               +---------+---------+-------+---------+---------+-------+---------
         Total |       0 |    4026 |   0.0 |       0 |      39 |   0.0 |   774
               +---------+---------+-------+---------+---------+-------+---------
             D |       0 |    4026 |   0.0 |       0 |      39 |   0.0 |   774
               +---------+---------+-------+---------+---------+-------+---------
